AoeStats
← eskitepeli

African Clearing

510595844Analyzed
3v3 RM · 18h ago on Oct 1, 2026· 28m 32s· 6 players
Game mode
Random Map
Map size
Normal (6 player)
Population
200
Speed
Normal
Resources
Standard
Victory
Conquest
Starting age
Dark Age
Ending age
Imperial Age
RankedLock teamsTeams togetherTeam positionsShared explorationLock speedFull tech treeHidden civsTurbo modeCheats
Victory
Defeat
🇹🇷 Khitans · Türkiye
1703
+4
🇹🇷 Berbers · Türkiye
1249
+20
🇹🇷 Magyars · Türkiye
1115
+51
🇩🇪 Celts · Germany
1461
-20
🇩🇪 Berbers · Germany
1345
-16
🇩🇪 Lithuanians · Germany
1224
-13
[KoM] Sir Djemba Djemba
Sir Deep purple 2
13:09 Feudal Age
11:47 Loom
16:58 Castle Age
15:05 Double-Bit Axe
17:38 Scale Mail Armor
17:49 Forging
17:02 Pikeman
Slubidoo
12:41 Feudal Age
13:48 Loom
25:48 Double-Bit Axe
Minaqua
11:08 Feudal Age
9:41 Loom
12:06 Double-Bit Axe
14:13 Forging
16:27 Domestication
17:12 Scale Barding Armor
22:12 Castle Age
20:42 Gold Mining
22:38 Fletching
23:30 Iron Casting
27:04 Wheelbarrow
eskitepeli
11:00 Loom
12:46 Feudal Age
13:39 Double-Bit Axe
18:26 Castle Age
17:32 Horse Collar
19:27 Bow Saw
21:43 Wheelbarrow
23:04 Fletching
25:00 Gold Mining
fenrirr
Connection lost

Rejoining the realm…

Still unreachable

The connection could not be restored.

Session expired

The server has moved on; the page needs a fresh start.